AoeStats
← Dübel Dieter

Arabia

508027200Analyzed
1v1 RM · 12d ago on Sep 20, 2026· 27m 42s· 2 players
Game mode
Random Map
Map size
Tiny (2 player)
Population
200
Speed
Normal
Resources
Standard
Victory
Conquest
Starting age
Dark Age
Ending age
Imperial Age
RankedLock teamsTeams togetherTeam positionsShared explorationLock speedFull tech treeHidden civsTurbo modeCheats
Victory
Defeat
🇨🇦 Franks · Canada
1081
+14
🇩🇪 Franks · Germany
1043
-14
Dübel Dieter
6:31 Loom
10:02 Feudal Age
16:41 Double-Bit Axe
23:13 Castle Age
21:41 Forging
22:33 Gold Mining
23:14 Scale Barding Armor
23:44 Pikeman
pit
7:30 Loom
9:49 Feudal Age
10:23 Double-Bit Axe
20:51 Castle Age
20:05 Scale Barding Armor
21:05 Forging
21:53 Bow Saw
22:05 Chain Barding Armor
21:48 Husbandry
Connection lost

Rejoining the realm…

Still unreachable

The connection could not be restored.

Session expired

The server has moved on; the page needs a fresh start.